 Dungeon Crawl Stone Soup version 0.21.3-3-g218456f21e (webtiles) character file.

339 ReteAZ the Grave Robber (level 6, -2/44 HPs)
             Began as a Gnoll Necromancer on Aug 20, 2020.
             Killed from afar by an orc wizard (8 damage)
             ... with a magic dart
             ... on level 4 of the Dungeon.
             The game lasted 00:06:32 (2988 turns).

ReteAZ the Grave Robber (Gnoll Necromancer)         Turns: 2988, Time: 00:06:33

Health: -2/44      AC:  2    Str: 11    XL:     6   Next: 55%
Magic:  7/14       EV: 15    Int: 19    God:
Gold:   87         SH:  0    Dex: 15    Spells: 11/15 levels left

rFire    . . .     SeeInvis .   s - -3 dagger (curse)
rCold    . . .     Gourm    .   (no shield)
rNeg     . . .     Faith    .   o - +0 robe (curse)
rPois    .         Spirit   .   (no helmet)
rElec    .         Reflect  .   (no cloak)
rCorr    .         Harm     .   (no gloves)
MR       .....                  (no boots)
Stlth    +++.......             (no amulet)
HPRegen  0.14/turn              (no ring)
MPRegen  0.14/turn              (no ring)

@: no status effects
A: distributed training, fangs 1, strong nose
a: no special abilities


You were on level 4 of the Dungeon.
You were very hungry.

You visited 1 branch of the dungeon, and saw 4 of its levels.
You also visited: Ossuary.

You collected 87 gold pieces.

Inventory:

Hand Weapons
 e - a +0 dagger
 s - a cursed -3 dagger (weapon)
 y - a +0 rapier
Missiles
 i - 12 tomahawks (quivered)
Armour
 a - a +0 robe
 o - a cursed +0 robe (worn)
Jewellery
 j - an uncursed ring of fire {unknown}
Wands
 q - a wand of scattershot (5)
Scrolls
 h - 3 scrolls of remove curse {unknown}
 k - a scroll of enchant armour {unknown}
 p - 7 scrolls of identify {unknown}
 r - a scroll of amnesia {unknown}
 t - a scroll of enchant weapon {unknown}
 v - 2 scrolls of fog {unknown}
 w - a scroll of teleportation {unknown}
 x - a scroll of fear {unknown}
Potions
 d - 2 potions of flight {unknown}
 f - a potion of lignification {unknown}
 g - 3 potions of curing {unknown}
 l - a potion of cancellation {unknown}
 m - a potion of might {unknown}
 n - 2 potions of degeneration {unknown}
 u - a potion of heal wounds {unknown}
Books
 b - a book of Necromancy

   Spells                             Type                      Level
   a - Pain                           Necromancy                   1
   b - Animate Skeleton               Necromancy                   1
   c - Vampiric Draining              Necromancy                   3
   d - Regeneration                   Charms/Necromancy            3
   e - Animate Dead                   Necromancy                   4
   f - Borgnjor's Vile Clutch         Necromancy/Earth             5
Comestibles
 c - 9 rations


   Skills:
 + Level 2.0 Fighting
 + Level 2.0 Short Blades
 + Level 2.0 Long Blades
 + Level 2.0 Axes
 + Level 2.0 Maces & Flails
 + Level 2.0 Polearms
 + Level 2.0 Staves
 + Level 2.0 Slings
 + Level 2.0 Bows
 + Level 2.0 Crossbows
 + Level 2.0 Throwing
 + Level 2.0 Armour
 + Level 5.0 Dodging
 + Level 4.6 Stealth
 + Level 2.0 Shields
 + Level 2.0 Unarmed Combat
 + Level 5.4 Spellcasting
 + Level 1.5 Conjurations
 + Level 1.5 Hexes
 + Level 1.5 Charms
 + Level 1.5 Summonings
 + Level 7.3 Necromancy
 + Level 1.5 Translocations
 + Level 1.5 Transmutations
 + Level 1.5 Fire Magic
 + Level 1.5 Ice Magic
 + Level 1.5 Air Magic
 + Level 1.5 Earth Magic
 + Level 1.5 Poison Magic
 + Level 2.2 Invocations
 + Level 2.0 Evocations


You had 11 spell levels left.
You knew the following spells:

 Your Spells              Type           Power        Failure   Level  Hunger
a - Pain                  Necr           ####         1%          1    None
b - Vampiric Draining     Necr           ####......   1%          3    ##.....


Dungeon Overview and Level Annotations

Branches:
Dungeon (4/15)
 Temple: D:4-7

Altars:
The Shining One


Innate Abilities, Weirdness & Mutations

Your experience applies equally to all skills.
You have very sharp teeth.
Your uncanny sense of smell can sniff out nearby items.


Message History

The orc wizard writhes in agony!
The orc wizard casts a spell at you. The magic dart hits you!
* * * LOW HITPOINT WARNING * * *
Casting: Pain
Confirm with . or Enter, or press ? or * to list all spells.
Aiming: Pain
Press: ? - help, Shift-Dir - straight line, f/p - orc wizard
Aim: an orc wizard, wielding a dagger and wearing a robe (moderately wounded, chance to defeat MR: 84%)
The orc wizard writhes in agony!
The orc wizard casts a spell.
The orc wizard flickers and vanishes!
A puff of flame appears from out of thin air!
The puff of flame misses you.
A magic dart appears from out of thin air!
The magic dart hits you!
* * * LOW HITPOINT WARNING * * *
A magic dart appears from out of thin air!
The magic dart hits you!
You die...

# ### # #.# #
#.########################
#
#.........@..#...........#
#
#.##########.#.#########.#
# #.#<.........#.# #.#
#######{############.# #.#
.....[...............# #.#
.........#################
#.#
.....)...##..............#
#.#
............############.#
#.#
.........##..........#.#.#
#.#


There were no monsters in sight!

Vanquished Creatures
  An ogre (D:3)
  An orc priest (D:3)
  An orc wizard (D:3)
  An iguana (D:4)
  Natasha (thrice) (D:2)
  An adder (D:3)
  2 oozes
  2 worms (D:3)
  A dart slug (D:1)
  4 leopard geckos
  10 orcs
  2 ball pythons
  9 bats
  2 giant cockroaches
  6 goblins
  9 hobgoblins
  6 kobolds
  A quokka (D:3)
  4 frilled lizards
  4 rats
70 creatures vanquished.

Notes
Turn   | Place    | Note
-------+----------+-------------------------------------------
     0 | D:1      | ReteAZ the Gnoll Necromancer began the quest for the Orb.
     0 | D:1      | Reached XP level 1. HP: 13/13 MP: 6/6
    97 | D:1      | Reached XP level 2. HP: 2/20 MP: 2/7
   735 | D:1      | Reached XP level 3. HP: 22/25 MP: 7/9
   756 | D:1      | Reached skill level 5 in Spellcasting
  1168 | D:2      | Noticed Natasha
  1171 | D:2      | Killed Natasha
  1171 | D:2      | Reached skill level 1 in Fighting
  1171 | D:2      | Reached skill level 1 in Short Blades
  1171 | D:2      | Reached skill level 1 in Long Blades
  1171 | D:2      | Reached skill level 1 in Axes
  1171 | D:2      | Reached skill level 1 in Maces & Flails
  1171 | D:2      | Reached skill level 1 in Polearms
  1171 | D:2      | Reached skill level 1 in Staves
  1171 | D:2      | Reached skill level 1 in Slings
  1171 | D:2      | Reached skill level 1 in Bows
  1171 | D:2      | Reached skill level 1 in Crossbows
  1171 | D:2      | Reached skill level 1 in Throwing
  1171 | D:2      | Reached skill level 1 in Armour
  1171 | D:2      | Reached skill level 1 in Shields
  1171 | D:2      | Reached skill level 1 in Unarmed Combat
  1171 | D:2      | Reached skill level 1 in Invocations
  1171 | D:2      | Reached skill level 1 in Evocations
  1171 | D:2      | Reached XP level 4. HP: 30/32 MP: 7/11
  1185 | D:2      | Noticed Natasha
  1192 | D:2      | Killed Natasha
  1379 | D:2      | Found a glowing golden altar of the Shining One.
  1425 | D:2      | Noticed Natasha
  1429 | D:2      | Killed Natasha
  1429 | D:2      | Reached skill level 1 in Conjurations
  1429 | D:2      | Reached skill level 1 in Hexes
  1429 | D:2      | Reached skill level 1 in Charms
  1429 | D:2      | Reached skill level 1 in Summonings
  1429 | D:2      | Reached skill level 1 in Translocations
  1429 | D:2      | Reached skill level 1 in Transmutations
  1429 | D:2      | Reached skill level 1 in Fire Magic
  1429 | D:2      | Reached skill level 1 in Ice Magic
  1429 | D:2      | Reached skill level 1 in Air Magic
  1429 | D:2      | Reached skill level 1 in Earth Magic
  1429 | D:2      | Reached skill level 1 in Poison Magic
  1429 | D:2      | Reached XP level 5. HP: 24/37 MP: 8/12
  1556 | D:3      | Learned a level 3 spell: Vampiric Draining
  2124 | D:3      | Noticed an ogre
  2163 | D:3      | Killed an ogre
  2163 | D:3      | Reached XP level 6. HP: 22/44 MP: 10/14
  2460 | D:3      | Reached skill level 5 in Dodging
  2717 | D:4      | Found a sand-covered staircase.
  2722 | Ossuary  | Entered an ossuary
  2988 | D:4      | Killed from afar by an orc wizard

Skill      XL: |  1  2  3  4  5  6 |
---------------+-------------------+-----
Spellcasting   | 5 |  5.4
Fighting       | 1 2 |  2.0
Short Blades   | 1 2 |  2.0
Long Blades    | 1 2 |  2.0
Axes           | 1 2 |  2.0
Maces & Flails | 1 2 |  2.0
Polearms       | 1 2 |  2.0
Staves         | 1 2 |  2.0
Slings         | 1 2 |  2.0
Bows           | 1 2 |  2.0
Crossbows      | 1 2 |  2.0
Throwing       | 1 2 |  2.0
Armour         | 1 2 |  2.0
Shields        | 1 2 |  2.0
Unarmed Combat | 1 2 |  2.0
Invocations    | 1 2 |  2.2
Evocations     | 1 2 |  2.0
Conjurations   | 1 |  1.5
Hexes          | 1 |  1.5
Charms         | 1 |  1.5
Summonings     | 1 |  1.5
Translocations | 1 |  1.5
Transmutations | 1 |  1.5
Fire Magic     | 1 |  1.5
Ice Magic      | 1 |  1.5
Air Magic      | 1 |  1.5
Earth Magic    | 1 |  1.5
Poison Magic   | 1 |  1.5
Dodging        | 5 |  5.0
Stealth        | |  4.6
Necromancy     | |  7.3

Action                   |  1- 3 |  4- 6 || total
-------------------------+-------+-------++-------
Melee: Dagger            |     2 |     7 ||     9
Throw: Tomahawk          |       |     5 ||     5
 Cast: Pain              |    39 |    92 ||   131
       Vampiric Draining |       |     2 ||     2
  Eat: Chunk             |       |     5 ||     5
Armor: Robe              |     5 |       ||     5
Dodge: Dodged            |     9 |    17 ||    26
